Lemon, chaotic male elven Priest ---------- #..<......| ###|........| # #-........| ### ---|------ # # # # G # # # # # | @@ ##[####### |.-@ --.-.-----.- -. ' |..........| . |..........| .. |..........| ... |..........| ... |..........| ---- ------------ Lemon the Adept Experience level: 6 Strength: 15 Dexterity: 11 Constitution: 13 Intelligence: 7 Wisdom: 20 Charisma: 9 Health: 0(51) Energy: 106(117) Def: 7 Gold: 870 Moves: 4115 Dungeon seed: A1Kc3Ci1B8FBLMBc Game ID: Lemon_1614992261 Your Inventory: Coins $ - 870 gold pieces Weapons a - a blessed +1 mace (weapon in hand) C - 30 +0 arrows (in quiver) D - a +0 bow (alternate weapon; not wielded) Armor e - a +0 robe (being worn) n - a +0 small shield (being worn) r - a +1 orcish helm (being worn) z - a +0 pair of iron shoes (being worn) Comestibles c - a clove of garlic d - 2 sprigs of wolfsbane m - 3 food rations p - a cursed food ration t - 2 fortune cookies x - a pancake Scrolls s - a cursed scroll of stinking cloud T - a scroll of remove curse Spellbooks f - a spellbook of protection g - a spellbook of cure blindness k - a spellbook of detect treasure u - a spellbook of identify v - a spellbook of create monster P - a spellbook of blank paper R - a spellbook of light Potions b - 2 potions of holy water i - a potion of gain ability X - a potion of unholy water Rings G - a ring of protection from shape changers (on left hand) Wands j - a wand of light (0:15) l - a wand of magic missile (0:0) w - a cursed wand of probing (0:7) A - a wand of undead turning (0:5) H - a wand of light (0:11) I - a wand of slow monster (0:2) J - a wand of lightning (0:5) K - a wand of teleportation (0:6) U - a blessed wand of locking (0:7) Tools h - a magic marker (0:66) o - 2 blessed tallow candles (0:200) F - a +0 grappling hook L - 6 tallow candles (0:200) O - 6 wax candles (0:400) W - a tin opener Gems q - a worthless piece of red glass y - a cursed worthless piece of yellow glass B - a worthless piece of yellowish brown glass E - a jet stone M - 2 worthless pieces of orange glass N - a worthless piece of blue glass Q - a worthless piece of black glass Y - 3 worthless pieces of violet glass Spells and supernatural/magical abilities: Name Level Category Fail Memory p - protection 1 clerical 0% 80% B - cure blindness 2 healing 20% 80% G - detect treasure 4 divination 89% 90% I - identify 3 divination 63% 99% O - create monster 2 clerical 0% 92% W - pray for help -- divine ? -- X - turn undead -- divine ? -- Your skills at the end: Fighting Skills Weapon Skills mace [Basic] Spellcasting Skills clerical spells [Basic] Final Attributes: You were piously aligned. You were sleep resistant. You had infravision. You were held by a rope golem. You were protected from shape changers. You are dead (2nd time!). Vanquished creatures: a ghost a gnome king a dog a dingo a raven an orc shaman a rock mole a shrieker 3 gnome lords 2 kobold mummies a golden naga hatchling an elf zombie 3 dwarves a kobold lord 4 rothes a rabid rat an acid blob 2 coyotes a hobbit a giant rat a brown mold a yellow mold a red mold 7 gnomes a gnome zombie 3 geckos 13 jackals 4 foxes a kobold 6 goblins 8 grid bugs 2 bats 8 lichens 2 kobold zombies 9 newts 96 creatures vanquished. Voluntary challenges: You used a wielded weapon 113 times, starting on turn 30. You read items or engraved 38 times, starting on turn 819. You never genocided any monsters. You never polymorphed an object. You never changed form. You used no wishes. You never split a pudding. You wrote Elbereth's name 1 time, starting on turn 1656. You never violated your personal moral code. Dungeon overview: The Dungeons of Doom: levels 1 to 4 Level 1 an altar to Offler, a fountain a long staircase Level 2 a general store, a fountain Level 3 a general store, an altar to The Lady, a fountain Level 4 some fountains stairs to The Gnomish Mines The Gnomish Mines: levels 5 to 7 Level 5 stairs to The Dungeons of Doom Level 6 Level 7 <- You were here History has recorded: On T:1 you entered the Dungeons of Doom to retrieve the Amulet of Yendor! On T:285 you advanced to experience level 2. On T:333 you advanced to experience level 3. On T:668 you reached level 2 of The Dungeons of Doom. On T:1374 you reached level 3 of The Dungeons of Doom. On T:1507 you advanced to experience level 4. On T:1863 you reached level 4 of The Dungeons of Doom. On T:2300 you reached level 1 of The Gnomish Mines. On T:2411 you advanced to experience level 5. On T:3323 you reached level 2 of The Gnomish Mines. On T:3328 you advanced to experience level 6. On T:3666 you were saved from death by your amulet of life saving! On T:4017 you reached level 3 of The Gnomish Mines. Score breakdown: Gold: 870 (10000 points) Experience: 6 levels (12456 points) Exploration: 7 levels ( 13.73%) (10392 points) Discoveries: 20 items ( 6.99%) ( 7933 points) Valuables value: (no points given unless you survive) Artifact value: 0 ( 0 points) Variety of kills: 35 monsters ( 9.19%) ( 9092 points) Turncount: 4115 turns (-1066 points) Survival: died (score multiplied by 80%) Total score: 39045 Latest messages: You begin praying to Offler. You are surrounded by a shimmering light. The rope golem loosens its grip slightly. (2x) You feel that Offler is well-pleased. You feel much better. You hit the rope golem. The rope golem hits! The rope golem misses. You are being choked. You hit the rope golem. The rope golem hits! (2x) You are being choked. You miss the rope golem. The rope golem hits! (2x) You are being choked. You miss the rope golem. The rope golem misses. The rope golem hits! You are being choked. You hit the rope golem. The rope golem hits! (2x) You are being choked. You hit the rope golem. The rope golem hits! You die... Final status: Goodbye Lemon the Priest, killed by a rope golem... You died in The Gnomish Mines on dungeon level 7 with 39045 points, and 870 pieces of gold, after 4115 moves. You were level 6 with a maximum of 51 hit points when you died.